 Dungeon Crawl Stone Soup version 0.25.0-9-g26727b657a (webtiles) character file.

Game seed: 2735818574966403422

131892 protoss039 the Slayer (level 16, -30/167 HPs)
             Began as a Minotaur Berserker on June 18, 2020.
             Was a High Priest of Trog.
             Blown up by an orb spider (46 damage)
             ... with an orb of destruction
             ... on level 3 of the Spider Nest.
             The game lasted 02:42:59 (37798 turns).

protoss039 the Slayer (Minotaur Berserker)         Turns: 37798, Time: 02:43:00

Health: -30/167    AC: 14    Str: 28    XL:     16   Next: 56%
Magic:  15/15      EV:  4    Int:  4    God:    Trog [*****.]
Gold:   2319       SH:  0    Dex: 11    Spells: 15/15 levels left

rFire    + . .     SeeInvis +   R - +3 hand axe (flame)
rCold    . . .     Gourm    .   P - +0 tower shield
rNeg     + . .     Faith    .   j - +0 chain mail "Goptot" {rF+ rN+}
rPois    +         Spirit   .   (helmet restricted)
rElec    .         Reflect  +   Q - +2 cloak
rCorr    .         Harm     .   e - +0 pair of gloves
MR       +....                  (no boots)
Stlth    ..........             a - amulet of reflection
HPRegen  0.00/turn              q - ring of see invisible
MPRegen  0.14/turn              g - ring of poison resistance

@: held
A: retaliatory headbutt, horns 2, blurry vision 1, deformed body, screaming 2,
inhibited regeneration
a: Berserk, Trog's Hand, Brothers in Arms, Renounce Religion


You were on level 3 of the Spider Nest.
You worshipped Trog.
Trog was extremely pleased with you.
You were not hungry.

You visited 4 branches of the dungeon, and saw 26 of its levels.
You visited the Abyss 1 time.

You collected 2391 gold pieces.
You spent 72 gold pieces at shops.

Inventory:

Hand Weapons
 h - a +4 war axe
 n - a +5 vorpal battleaxe
 K - a +2 hand axe of freezing
 M - a +2 battleaxe of freezing
 R - a +3 hand axe of flaming (weapon)
 X - a +0 executioner's axe of flaming
Armour
 e - a +0 pair of gloves (worn)
 j - the +0 chain mail "Goptot" (worn) {rF+ rN+}
   (You found it on level 6 of the Lair of Beasts)

   It protects you from fire.
   It protects you from negative energy.
 P - a +0 tower shield (worn)
 Q - a +2 cloak (worn)
Jewellery
 a - an amulet of reflection (around neck)
 g - a ring of poison resistance (right hand)
 l - an uncursed ring of positive energy
 q - a ring of see invisible (left hand)
 y - an uncursed ring of resist corrosion
 B - an uncursed ring of ice
 E - the ring "Jepseh" {rPois rC+ Int-5 Stlth-}
   (You found it on level 6 of the Lair of Beasts)

   [ring of attention]

   It affects your intelligence (-5).
   It protects you from cold.
   It protects you from poison.
   It makes you less stealthy.
 J - an uncursed ring of protection from magic
 N - the ring "Ciuliu" {rF+ Int+6 Dex+6}
   (You found it on level 12 of the Dungeon)

   [ring of dexterity]

   It affects your intelligence (+6).
   It affects your dexterity (+6).
   It protects you from fire.
 T - a +4 ring of slaying
 Y - an uncursed ring of flight
Wands
 k - a wand of polymorph (15)
 t - a wand of digging (13)
 v - a wand of iceblast (27)
 z - a wand of enslavement (6)
 C - a wand of acid (1)
 I - a wand of disintegration (27)
 V - a wand of paralysis (19)
 W - a wand of flame (71)
Scrolls
 b - 11 scrolls of remove curse
 d - 9 scrolls of enchant weapon
 m - 10 scrolls of teleportation
 o - 4 scrolls of enchant armour
 r - 2 scrolls of fear
 s - a scroll of brand weapon
 u - 2 scrolls of identify
 A - 4 scrolls of fog
 G - 2 scrolls of blinking
 Z - 2 scrolls of magic mapping
Potions
 f - 6 potions of curing
 i - 2 potions of might
 p - 4 potions of resistance
 w - 2 potions of lignification {unknown}
 x - 2 potions of magic {unknown}
 F - 3 potions of flight
 H - a potion of brilliance {unknown}
 O - 2 potions of invisibility {unknown}
Miscellaneous
 L - a lightning rod (4/4)
Comestibles
 c - 33 rations
 D - a chunk of flesh


   Skills:
 + Level 21.4 Fighting
 * Level 19.4 Axes
 + Level 13.2 Armour
 - Level 2.1 Dodging
 - Level 13.0 Shields


You had 15 spell levels left.
You didn't know any spells.
Your spell library was empty.

Dungeon Overview and Level Annotations

Branches:
Dungeon (15/15)            Temple (0/1) D:6            Lair (6/6) D:8
 Shoals (0/4) Lair:4       Spider (3/4) Lair:2        Slime (0/5) Lair:6
    Orc (2/2) D:10            Elf (0/3) Orc:2        Vaults (0/5) D:14
 Depths (0/5) D:15

Altars:
Makhleb
Zin
Beogh
Jiyva

Shops:
D:6 (   D:7 }   Orc:1 [   Orc:2 [}((

Portals:
Trove: D:13 (give horn of Geryon)

Annotations:
D:3 1 transporter
D:14 2 runed translucent doors, exclusion: 2 doors
Lair:1 2 transporters, Xaytacwe's ghost, journeyman GnNe


Innate Abilities, Weirdness & Mutations

You reflexively headbutt those who attack you in melee.
You have a pair of horns on your head.
Scrolls take you a little longer to read.
Armour fits poorly on your strangely shaped body.
You sometimes yell uncontrollably at your foes.
You do not regenerate when monsters are visible.


Message History

You headbutt the orb spider, but do no damage.
The orb spider is severely wounded.
You hit the orb spider. You burn the orb spider.
You headbutt the orb spider, but do no damage.
The orb spider is almost dead.
The orb spider begins to weave its threads into a brightly glowing ball.
The orb of destruction hits you!!
The orb spider weaves a glowing orb of energy.
An orb of destruction comes into view.
The orb spider begins to weave its threads into a brightly glowing ball.
The orb spider weaves a glowing orb of energy.
An orb of destruction comes into view.
The orb of destruction reflects off an invisible shield around you!
The orb of destruction hits the orb spider!!!
The orb spider is blown up!
The orb spider spins a strand of pure energy.
You are caught in the web!
The orb of destruction hits you!!!
* * * LOW HITPOINT WARNING * * *
The orb of destruction hits you!!!
You die...

..................○.............
..^..............°...........s.^
.^.........>.....○.............†
.................○.○°..........<
................^°°.........^...
................○○..............
.........^.....○○...............
.^.............○☼...............
#............^.@..............#.
#.............<................#
#...........††s................#
##...^......<†...........*°...##
#............^.^.........^..###
##..................##. ....
#.................##
#....^..^......####
####.^..........#


You could see an orb spider (charged).

Vanquished Creatures
  Rupert (D:12)
  Kirke (Lair:5)
  Louise (D:15)
  A ghost moth (Spider:1)
  An emperor scorpion (Spider:2)
  2 entropy weavers (Spider:2)
  An entropy weaver (shapeshifter) (D:11)
  The ghost of TrebMcFLY the Slicer, a journeyman VSAs of Uskayaw (Lair:6)
  An ettin (Orc:2)
  Snorg (D:11)
  A yaktaur captain (D:11)
  Harold (D:10)
  Fannar (Orc:1)
  The ghost of Ywkotz the Slicer, a journeyman KoAs of Trog (D:12)
  A vault guard (D:14)
  A merfolk avatar (Lair:6)
  2 hydras
  6 centaur warriors
  2 catoblepae
  3 ogre magi
  3 tengu warriors
  A death knight (D:15)
  12 two-headed ogres
  Urug (Orc:1)
  An iron troll (Orc:2)
  A fire crab (Lair:4)
  An unseen horror (shapeshifter) (D:11)
  3 unseen horrors
  A deep troll (Orc:2)
  A wizard (D:11)
  A wolf spider zombie (D:15)
  3 harpies (Lair:6)
  A harpy (shapeshifter) (D:12)
  An orc knight (D:14)
  An orc sorcerer (Orc:1)
  9 ugly things
  10 orb spiders
  2 oklob plants
  A manticore (shapeshifter) (D:13)
  14 wolf spiders
  4 elephants (Lair:6)
  3 manticores
  7 cyclopes
  Maurice (Orc:1)
  Psyche (D:9)
  4 black mambas
  12 spiny frogs
  5 gargoyles
  16 komodo dragons
  4 centaur skeletons
  4 rime drakes
  11 demonic crawlers
  2 freezing wraiths (D:15)
  A tengu conjurer (D:11)
  20 jumping spiders
  A meliai (D:11)
  17 trolls
  A polar bear (Lair:6)
  10 hornets
  11 dream sheep
  16 blink frogs
  A harpy skeleton (D:15)
  3 hippogriffs
  A dream sheep (shapeshifter) (D:13)
  2 vampires
  A centaur simulacrum (D:14)
  A water elemental (D:15)
  4 shadows
  12 tarantellas
  19 redbacks
  A human (D:7)
  2 wraiths (D:15)
  59 yaks
  8 hogs
  8 wyverns
  5 neqoxecs (D:12)
  The ghost of Skimidon the Insei, an amateur GnTm (D:3)
  A basilisk (Lair:2)
  A hungry ghost (D:13)
  4 vampire mosquitoes
  2 wargs
  2 acid dragons
  20 water moccasins
  6 porcupines
  6 ice beasts
  A phantom (D:11)
  A hornet zombie (D:8)
  17 orc warriors
  3 eyes of draining
  A black bear (D:8)
  A necrophage (D:8)
  30 ogres
  A sky beast (D:12)
  9 wolves
  10 centaurs
  8 crocodiles
  A big kobold (D:9)
  22 bullfrogs
  Blork the orc (D:5)
  2 wyvern zombies
  3 scorpions
  A water moccasin skeleton (D:12)
  7 killer bees (D:9)
  10 wights
  10 howler monkeys
  5 electric eels
  6 crimson imps
  6 centaur zombies
  6 quasits
  14 hounds
  13 orc priests
  3 jellies
  25 orc wizards
  3 bullfrog skeletons
  2 iguanas (D:12)
  17 worker ants
  Natasha (D:3)
  3 worker ant zombies
  4 gnolls (D:6)
  17 adders
  2 shadow imps
  3 oozes
  An adder zombie (D:5)
  2 adder skeletons
  4 worms (Lair:2)
  A dart slug (D:2)
  6 leopard geckos
  82 orcs
  5 giant cockroaches
  11 goblins
  6 hobgoblins
  3 jackals (D:2)
  15 kobolds
  3 quokkas
  A ball python (D:1)
  10 bats
  3 frilled lizards
  A leopard gecko zombie (D:5)
  7 rats
  7 fungi
  A plant (Lair:6)
857 creatures vanquished.

Vanquished Creatures (collateral kills)
  A hydra (D:14)
  Sonja (D:12)
  A wizard (D:13)
  A killer bee (D:9)
  A hound (D:6)
  8 jellies (D:6)
  A worker ant (D:11)
  10 oozes (D:6)
24 creatures vanquished.

Vanquished Creatures (others)
  An orb spider (Spider:3)
  A spiny frog (Lair:6)
  8 fungi
  4 plants (Lair:6)
14 creatures vanquished.

Grand Total: 895 creatures vanquished

Notes
Turn   | Place    | Note
-------+----------+-------------------------------------------
     0 | D:1      | protoss039 the Minotaur Berserker began the quest for the
                  | Orb.
     0 | D:1      | Reached XP level 1. HP: 19/19 MP: 0/0
   117 | D:1      | Reached skill level 4 in Fighting
   119 | D:1      | Reached XP level 2. HP: 24/27 MP: 1/1
   691 | D:2      | Reached XP level 3. HP: 34/34 MP: 2/2
   880 | D:2      | Reached ** piety under Trog
  1084 | D:2      | You fall into a shaft and drop 1 floor!
  1093 | D:3      | Reached skill level 5 in Fighting
  1093 | D:3      | Reached skill level 5 in Axes
  1093 | D:3      | Reached XP level 4. HP: 16/42 MP: 3/3
  1098 | D:3      | Reached XP level 5. HP: 23/48 MP: 4/4
  1537 | D:3      | Found a transporter.
  1544 | D:3      | Found a transporter.
  1548 | D:3      | Noticed Skimidon's ghost (amateur GnTm)
  1558 | D:3      | Reached skill level 1 in Shields
  1564 | D:3      | Killed Skimidon's ghost
  1564 | D:3      | Reached skill level 6 in Fighting
  1564 | D:3      | Reached XP level 6. HP: 57/57 MP: 5/5
  1650 | D:3      | Noticed Natasha
  1655 | D:3      | Killed Natasha
  1715 | D:3      | Reached XP level 7. HP: 64/64 MP: 6/6
  1749 | D:3      | Reached *** piety under Trog
  2000 | D:3      | Found a glowing silver altar of Zin.
  2874 | D:4      | You fall into a shaft and drop 1 floor!
  2874 | D:5      | Entered Level 5 of the Dungeon
  3171 | D:5      | Noticed Blork the orc
  3182 | D:5      | Killed Blork the orc
  3194 | D:5      | Reached XP level 8. HP: 53/71 MP: 7/7
  3378 | D:5      | Reached skill level 7 in Fighting
  3752 | D:5      | Reached skill level 10 in Axes
  4003 | D:6      | Found Akukloss's Antique Weapon Shoppe.
  4311 | D:6      | Found a staircase to the Ecumenical Temple.
  4317 | D:6      | Reached **** piety under Trog
  4367 | D:6      | Reached skill level 5 in Armour
  4378 | D:6      | Reached XP level 9. HP: 79/79 MP: 8/8
  4502 | D:6      | Noticed an oklob plant
  4536 | D:6      | Killed an oklob plant
  5934 | D:7      | Found Nidief's Gadget Boutique.
  6138 | D:7      | Reached skill level 5 in Shields
  6156 | D:7      | Reached skill level 8 in Fighting
  6379 | D:8      | Found a staircase to the Lair.
  6445 | D:8      | Reached ***** piety under Trog
  6449 | D:8      | Noticed a troll
  6469 | D:8      | Killed a troll
  6469 | D:8      | Reached XP level 10. HP: 44/88 MP: 9/9
  7642 | D:9      | Noticed Psyche
  7657 | D:9      | Killed Psyche
  8640 | D:9      | Noticed a cyan ugly thing
  8652 | D:9      | Killed a cyan ugly thing
  8925 | D:10     | Entered Level 10 of the Dungeon
  8934 | D:10     | Reached skill level 9 in Fighting
  9487 | D:10     | Found a roughly hewn altar of Beogh.
  9489 | D:10     | Found a staircase to the Orcish Mines.
  9711 | D:10     | Reached skill level 10 in Fighting
  9821 | D:10     | Reached XP level 11. HP: 101/101 MP: 10/10
 10299 | D:11     | Paralysed by a hornet for 1 turns
 10314 | D:11     | Reached skill level 11 in Fighting
 10500 | D:11     | Noticed a seven-headed hydra
 10510 | D:11     | Killed an eight-headed hydra
 10668 | D:11     | Reached skill level 12 in Fighting
 10668 | D:11     | Reached skill level 15 in Axes
 10701 | D:11     | Noticed Snorg
 10920 | D:11     | Killed Snorg
 11025 | D:11     | Noticed a wizard
 11037 | D:11     | Killed a wizard
 11037 | D:11     | Received a gift from Trog
 11252 | D:11     | Noticed an entropy weaver
 11254 | D:11     | Noticed an unseen horror
 11254 | D:11     | Noticed a yaktaur captain
 11260 | D:11     | Killed an entropy weaver
 11260 | D:11     | Reached skill level 13 in Fighting
 11264 | D:11     | Killed an unseen horror
 11274 | D:11     | Killed a yaktaur captain
 11277 | D:11     | Reached XP level 12. HP: 97/116 MP: 11/11
 11522 | D:11     | Reached skill level 14 in Fighting
 11936 | D:12     | Found a transporter.
 11983 | D:12     | Noticed Ywkotz's ghost (journeyman KoAs)
 11994 | D:12     | Found a transporter.
 12000 | D:12     | Gained mutation: You occasionally shout uncontrollably at
                  | your foes. [a neqoxec]
 12001 | D:12     | Gained mutation: Scrolls take you a little longer to read.
                  | [a neqoxec]
 12006 | D:12     | Reached skill level 15 in Fighting
 12009 | D:12     | Gained mutation: Armour fits poorly on your strangely
                  | shaped body. [a neqoxec]
 12014 | D:12     | Gained mutation: You do not regenerate when monsters are
                  | visible. [a neqoxec]
 12021 | D:12     | Killed Ywkotz's ghost
 12027 | D:12     | Gained mutation: You sometimes yell uncontrollably at your
                  | foes. [a neqoxec]
 12039 | D:12     | Got the ring "Ciuliu" {Dex+6}
 12283 | D:12     | Noticed Sonja
 12290 | D:12     | Killed Sonja
 12786 | D:12     | Noticed Rupert
 12786 | D:12     | Paralysed by Rupert for 2 turns
 12798 | D:12     | Killed Rupert
 12798 | D:12     | Reached skill level 16 in Fighting
 13292 | D:13     | Noticed a two-headed ogre
 13292 | D:13     | Noticed a tengu warrior
 13292 | D:13     | Noticed a centaur warrior
 13298 | D:13     | Killed a two-headed ogre
 13300 | D:13     | Noticed a centaur warrior
 13301 | D:13     | Killed a tengu warrior
 13309 | D:13     | Killed a centaur warrior
 13309 | D:13     | Reached XP level 13. HP: 121/130 MP: 12/12
 13317 | D:13     | Reached skill level 17 in Fighting
 13577 | D:13     | Got a smoking ring mail
 13588 | D:13     | Identified the +3 ring mail of Midsummer {rCorr Int+2
                  | Stlth-} (You found it on level 13 of the Dungeon)
 14601 | D:13     | Found a portal to a secret trove of treasure.
 14686 | D:13     | Reached skill level 18 in Fighting
 14950 | D:13     | Found a burning altar of Makhleb.
 14951 | D:13     | Identified the +1 scale mail of Tempters {Dex+2}
 15261 | D:13     | Identified the cursed +3 short sword of Death {speed,
                  | rPois}
 16395 | D:14     | Reached skill level 19 in Fighting
 16408 | D:14     | Identified the ring "Ciuliu" {rF+ Int+6 Dex+6} (You found
                  | it on level 12 of the Dungeon)
 17215 | D:14     | Found a runed translucent door.
 17215 | D:14     | Noticed a fire dragon
 17218 | D:14     | Found the +2 shield of Resistance {rF+ rC+ MR+}
 17218 | D:14     | Noticed a fire dragon
 17349 | D:14     | Found a runed translucent door.
 17445 | D:14     | Found a gate to the Vaults.
 17489 | D:14     | You fall into a shaft and drop 1 floor!
 17489 | D:15     | Entered Level 15 of the Dungeon
 17520 | D:15     | Reached XP level 14. HP: 136/146 MP: 13/13
 18534 | D:15     | Noticed Louise
 18825 | D:15     | Reached skill level 20 in Fighting
 19173 | D:15     | Cast into level 2 of the Abyss (Louise)
 19180 | D:15     | Escaped the Abyss
 19193 | D:15     | Killed Louise
 19716 | D:15     | Found a staircase to the Depths.
 19928 | Lair:1   | Entered Level 1 of the Lair of Beasts
 20018 | Lair:1   | Noticed Xaytacwe's ghost (journeyman GnNe)
 20248 | Lair:1   | Found a transporter.
 20351 | Lair:1   | Found a transporter.
 21182 | Lair:2   | Found a hole to the Spider Nest.
 21205 | Lair:2   | Received a gift from Trog
 21298 | Lair:2   | Found a dark tunnel.
 23275 | Lair:4   | Found a staircase to the Shoals.
 24476 | Lair:5   | Noticed Kirke
 24620 | Lair:5   | Killed Kirke
 24766 | Lair:5   | Reached XP level 15. HP: 156/156 MP: 14/14
 25531 | Lair:5   | Reached skill level 10 in Armour
 25811 | Lair:6   | Entered Level 6 of the Lair of Beasts
 26165 | Lair:6   | Found a viscous altar of Jiyva.
 26165 | Lair:6   | Found a staircase to the Slime Pits.
 26278 | Lair:6   | Reached skill level 10 in Shields
 26916 | Lair:6   | Reached ****** piety under Trog
 26942 | Lair:6   | Received a gift from Trog
 27118 | Lair:6   | Noticed TrebMcFLY's ghost (journeyman VSAs)
 27119 | Lair:6   | Found a transporter.
 27127 | Lair:6   | Found a transporter.
 27166 | Lair:6   | Killed TrebMcFLY's ghost
 28087 | Lair:6   | Got a fading chain mail
 28094 | Lair:6   | Got a clouded golden ring
 28102 | Lair:6   | Lost intelligence.
 28102 | Lair:6   | Identified the ring "Jepseh" {rPois rC+ Int-5 Stlth-} (You
                  | found it on level 6 of the Lair of Beasts)
 28124 | Lair:6   | Identified the cursed +0 chain mail "Goptot" {rF+ rN+} (You
                  | found it on level 6 of the Lair of Beasts)
 28164 | Lair:6   | Got a masterwork flail
 28167 | Lair:6   | Identified the +8 flail "Qigaitawk" {holy, +Rage Int+6}
                  | (You found it on level 6 of the Lair of Beasts)
 28668 | Orc:1    | Entered Level 1 of the Orcish Mines
 28668 | Orc:1    | Found a roughly hewn altar of Beogh.
 28668 | Orc:1    | Noticed Harold
 28678 | Orc:1    | Noticed Urug
 28685 | D:10     | Killed Harold
 28870 | Orc:1    | Killed Urug
 29365 | Orc:1    | Found Foefowy's Armour Emporium.
 29383 | Orc:1    | Bought a +0 pair of gloves for 72 gold pieces
 29514 | Orc:1    | Noticed Fannar
 29537 | Orc:1    | Killed Fannar
 29687 | Orc:1    | Noticed Maurice
 29695 | Orc:1    | Killed Maurice
 29790 | Orc:2    | Entered Level 2 of the Orcish Mines
 30178 | Orc:2    | Received a gift from Trog
 30656 | Orc:2    | Reached skill level 21 in Fighting
 30681 | Orc:2    | Found Nueth's Armour Boutique.
 30687 | Orc:2    | Found Amupneol's Gadget Boutique.
 30715 | Orc:2    | Found Zeir's Weapon Shoppe.
 30761 | Orc:2    | HP: 5/158 [ogre/+0 giant spiked club (15)]
 31314 | Orc:2    | Found Tosi Xis's Antique Weapon Shop.
 31724 | Orc:2    | Found a staircase to the Elven Halls.
 32022 | Spider:1 | Entered Level 1 of the Spider Nest
 32039 | Spider:1 | Lost intelligence.
 32044 | Spider:1 | Noticed a ghost moth
 32048 | Spider:1 | Killed a ghost moth
 32048 | Spider:1 | Reached XP level 16. HP: 82/167 MP: 0/15
 32695 | Spider:1 | Identified the Catalogue of the Birds and the Blaze
 36330 | Spider:3 | Received a gift from Trog
 37798 | Spider:3 | Blown up by an orb spider

Illustrated notes

Levels and vault maps discovered:
D:1:      dpeg_arrival_shrine, layout_basic, chequers_serial_rivers_small_b,
          kennysheep_small_spiral
D:2:      minmay_door_path, layout_rooms, first_ration,
          minmay_misc_feat_columns, minivault_24
D:3:      layout_loops_ring, zin_scriptorium, gammafunk_ghost_stat_death,
          uniq_natasha
D:4:      layout_basic
D:5:      layout_cave_pools, uniq_blork_the_orc
D:6:      lemuel_slime, layout_layer_cave, minmay_temple_entry_waves,
          serial_shops, shop, chequers_jeans
D:7:      layout_cave_pods, serial_shops, nicolae_shop_waterfront,
          grunt_livestock
D:8:      layout_loops_ring, erik_lair_island
D:9:      layout_cave_pools, uniq_psyche
D:10:     layout_roguey, david_orc_5
D:11:     layout_rooms, minmay_evil_grid, uniq_snorg
D:12:     layout_irregular_city, gammafunk_ghost_stat_death, uniq_sonja,
          uniq_rupert
D:13:     minmay_the_grid_triangle_9x9_rhombus_full_mashed
          [minmay_the_grid_triangle_9x9_odd_lines,
          minmay_the_grid_triangle_9x9_negative_grid,
          minmay_the_grid_triangle_9x9_shrine,
          minmay_the_grid_triangle_9x9_pentomino_pain,
          minmay_the_grid_triangle_9x9_wacky_v,
          minmay_the_grid_triangle_9x9_skeleton,
          minmay_the_grid_triangle_9x9_windchime,
          minmay_the_grid_triangle_9x9_prize_center], layout_stronghold,
          nicolae_trove_entry_crystal, kennysheep_kite_vault
D:14:     layout_loops_ring, david_vaults_5, minmay_guarded_unrand_resistance
D:15:     hangedman_depths_entry_try_elsewhere_first, layout_long_grid,
          minivault_4, uniq_louise
Lair:1:   layout_regular_city, gammafunk_ghost_arena, serial_bayou_shore_a
Lair:2:   layout_cave_shapes, nicolae_spider_entry_non_spiders,
          nicolae_volcano_entry_hallway, minmay_lair_oklob_items, st_stairs_6,
          beast_lair_carwin_10, serial_bayou_shore_b
Lair:3:   layout_layer_cave, grunt_megastairs_5
Lair:4:   layout_small_grid, shoals_dummy_entry, minmay_hedge_maze
Lair:5:   layout_hall_layers, chequers_serial_rivers_room_a,
          beast_lair_carwin_6, uniq_kirke
Lair:6:   gammafunk_lair_ancient_temple, layout_regular_city, slime_altar_1,
          gammafunk_ghost_arena
Spider:1: layout_spider_delve
Spider:2: layout_spider_delve
Spider:3: layout_spider_delve, drop_trap
Orc:1:    layout_diamond_mine, basic_altar, serial_shops, shop, uniq_urug,
          uniq_fannar, uniq_harold, uniq_maurice
Orc:2:    st_orc_open, layout_caves

Skill      XL: |  1  2  3  4  5  6  7  8  9 10 11 12 13 14 15 16 |
---------------+-------------------------------------------------+-----
Fighting       | 4 5 6 7 8 10 13 16 19 20 21 | 21.4
Axes           | 4 5 6 7 9 10 12 14 15 16 17 18 19 | 19.4
Shields        | 1 2 3 4 5 6 9 11 13 | 13.0
Armour         | 3 5 7 8 9 11 13 | 13.2
Dodging        | |  2.1

Action                   |  1- 3 |  4- 6 |  7- 9 | 10-12 | 13-15 | 16-18 || total
-------------------------+-------+-------+-------+-------+-------+-------++-------
Melee: Hand axe          |    75 |    77 |   387 |   549 |  1185 |   383 ||  2656
       Headbutt          |    12 |    14 |    53 |   123 |   443 |   104 ||   749
       Unarmed           |       |       |       |       |     7 |       ||     7
       Executioner's axe |       |       |       |       |     6 |       ||     6
Invok: Berserk           |     1 |     1 |     5 |     9 |     9 |     2 ||    27
       Trog's Hand       |     1 |       |       |     1 |     2 |     1 ||     5
       Brothers in Arms  |       |       |     1 |     5 |     5 |     1 ||    12
Evoke: Wand              |       |       |       |     4 |     7 |       ||    11
       Lightning rod     |       |       |       |       |     5 |       ||     5
  Use: Scroll            |       |     6 |     3 |     7 |    17 |     3 ||    36
       Potion            |       |       |       |       |    11 |     5 ||    16
  Eat: Chunk             |     1 |     4 |    18 |    29 |    51 |     7 ||   110
       Ration            |       |       |       |     1 |     6 |     4 ||    11
Armor: Animal skin       |     8 |       |       |       |       |       ||     8
       Chain mail        |    18 |    59 |   127 |   108 |    56 |   202 ||   570
       Plate armour      |       |       |       |    49 |   199 |       ||   248
Dodge: Dodged            |    33 |    40 |    78 |   131 |   250 |    87 ||   619
Block: Buckler           |    15 |    35 |    98 |   192 |   428 |       ||   768
       Reflection        |       |       |       |     6 |    18 |       ||    24
       Other             |       |       |       |       |    24 |       ||    24
       Tower shield      |       |       |       |       |   118 |   605 ||   723
